 Dungeon Crawl Stone Soup version 0.28-a0-32-g8dfe7f97f6 (webtiles) character file.

Game seed: 9310053315516802990

699 bande the Covered (level 7, -3/44 HPs)
             Began as a Gargoyle Fighter on July 27, 2021.
             Slain by Edmund (5 damage)
             ... on level 4 of the Dungeon.
             The game lasted 00:05:55 (4246 turns).

bande the Covered (Gargoyle Fighter)                Turns: 4246, Time: 00:05:56

Health: -3/44      AC: 13    Str: 19    XL:     7   Next: 65%
Magic:  7/7        EV:  8    Int:  8    God:
Gold:   94         SH:  9    Dex: 10    Spells: 6/6 levels left

rFire   . . .      SeeInvis .   p - +3 hand axe
rCold   + . .      Faith    .   c - +0 kite shield
rNeg    + . .      Spirit   .   b - +0 scale mail
rPois   ∞          Reflect  .   l - +0 helmet
rElec   +          Harm     .   (no cloak)
rCorr   .          Rampage  .   (no gloves)
Will    .....                   (no boots)
Stlth   ..........              (no amulet)
HPRegen 0.14/turn               e - +4 ring of slaying
MPRegen 0.10/turn               (no ring)

@: no status effects
A: sickness immunity, AC +4, negative energy resistance 1, electricity
resistance, torment resistance 1, petrification resistance, cold resistance 1,
weak 1
a: no special abilities


You were on level 4 of the Dungeon.
You visited 1 branch of the dungeon, and saw 4 of its levels.

You collected 94 gold pieces.

Inventory:

Hand Weapons
 a - a +1 war axe
 h - a +0 broad axe
 p - a +3 hand axe (weapon)
 q - a +0 flail
Armour
 b - a +0 scale mail (worn)
 c - a +0 kite shield (worn)
 l - a +0 helmet (worn)
Jewellery
 e - a +4 ring of slaying (left hand)
 m - a ring of flight
Scrolls
 f - 4 scrolls of identify
 j - a scroll of fear {unknown}
 k - a scroll of enchant weapon
 o - a scroll of immolation
Potions
 d - a potion of might
 g - a potion of magic
 i - a potion of curing {unknown}
 n - a potion of mutation


   Skills:
 + Level 4.7 Fighting
 + Level 5.0 Axes
 + Level 5.0 Armour
 + Level 1.4 Dodging
 - Level 0.4 Stealth
 + Level 4.9 Shields


You had 6 spell levels left.
You didn't know any spells.
Your spell library contained the following spells:

 Spells                   Type           Power      Damage    Failure   Level
 Ignite Poison            Fire/Tmut/Pois 0%         N/A       100%        3
 Mephitic Cloud           Conj/Pois/Air  0%         N/A       100%        3
 Bolt of Magma            Conj/Fire/Erth 0%         4d4       100%        5


Dungeon Overview and Level Annotations

Branches:
Dungeon (4/15)
 Temple: D:4-7

Altars:

Annotations:
D:4 Edmund


Innate Abilities, Weirdness & Mutations

You are immune to sickness and miasma.
Your stone body is resilient. (AC +4)
You are immune to poison.
You resist negative energy. (rN+)
You are resistant to electric shocks. (rElec)
You are resistant to unholy torment.
You are immune to petrification.
Your flesh is cold resistant. (rC+)
You are weak. (Str -2)


Message History

Edmund says, "People accused me of being a cutpurse!"
Edmund barely misses you.
You slash Edmund!
Edmund is moderately wounded.
Edmund hits you with a +2 dire flail of protection!
Edmund barely misses you.
You are too injured to fight recklessly!
You are too injured to fight recklessly!
You are too injured to fight recklessly!
You are too injured to fight recklessly!
You are too injured to fight recklessly!
You are too injured to fight recklessly!
You are too injured to fight recklessly!
You are too injured to fight recklessly!
You slash Edmund!
Edmund is heavily wounded.
You block Edmund's attack.
Edmund clears his throat.
Edmund hits you with a +2 dire flail of protection.
You hit Edmund.
Edmund is heavily wounded.
Edmund asks, "Have you met my wondrous brother?"
Edmund hits you but does no damage.
You hit Edmund.
Edmund is heavily wounded.
Edmund hits you with a +2 dire flail of protection!
* * * LOW HITPOINT WARNING * * *
You block Edmund's attack.
You hit Edmund.
Edmund is severely wounded.
Edmund hits you with a +2 dire flail of protection.
* * * LOW HITPOINT WARNING * * *
Edmund says, "I might not be good at magic, but I can still kill you!"
You block Edmund's attack.
You completely miss Edmund.
Edmund is severely wounded.
Edmund hits you with a +2 dire flail of protection.
* * * LOW HITPOINT WARNING * * *
Edmund hits you with a +2 dire flail of protection.
You die...

#+# ###.#.##
#..###.#
#.#.#.##
#..#.## ###
####...######
..+
+............#
###
####$..#####.#
#..####
#@....#
#@###.# #.# #
#.. ### ####
§§# #§#


You could see Edmund (fast).

Vanquished Creatures
  An ice beast (D:3)
  A sky beast (D:3)
  A black bear (D:3)
  A necrophage (D:4)
  A hound (D:4)
  A jelly (D:4)
  Natasha (thrice) (D:2)
  Robin (D:3)
  7 adders
  3 gnolls (D:4)
  4 orcs
  4 endoplasms
  5 giant cockroaches
  10 goblins
  11 hobgoblins
  18 jackals
  9 kobolds
  2 quokkas (D:2)
  5 ball pythons
  7 bats
  5 frilled lizards
  5 rats
105 creatures vanquished.

Vanquished Creatures (others)
  A dart slug (D:1)
  2 rats (D:1)
3 creatures vanquished.

Grand Total: 108 creatures vanquished

Notes
Turn   | Place    | Note
-------+----------+-------------------------------------------
     0 | D:1      | bande the Gargoyle Fighter began the quest for the Orb.
     0 | D:1      | Reached XP level 1. HP: 14/14 MP: 1/1
   208 | D:1      | Reached XP level 2. HP: 15/19 MP: 2/2
   624 | D:1      | Reached XP level 3. HP: 22/23 MP: 3/3
  1017 | D:2      | Noticed Natasha
  1022 | D:2      | Killed Natasha
  1023 | D:2      | Reached XP level 4. HP: 28/28 MP: 4/4
  1085 | D:2      | Gained mutation: You are weak. (Str -2) [potion of
                  | mutation]
  1085 | D:2      | Gained mutation: Your flesh is cold resistant. (rC+)
                  | [potion of mutation]
  1390 | D:2      | Noticed Natasha
  1397 | D:2      | Killed Natasha
  1398 | D:2      | Reached XP level 5. HP: 33/33 MP: 5/5
  1701 | D:2      | Noticed Natasha
  1713 | D:2      | Killed Natasha
  1916 | D:3      | Noticed an ice beast
  1936 | D:3      | Killed an ice beast
  1937 | D:3      | Reached XP level 6. HP: 21/38 MP: 6/6
  2276 | D:3      | Noticed a sky beast
  2287 | D:3      | Killed a sky beast
  2412 | D:3      | Reached skill level 1 in Dodging
  2512 | D:3      | Noticed a black bear
  2527 | D:3      | Killed a black bear
  2528 | D:3      | Reached XP level 7. HP: 20/44 MP: 7/7
  2699 | D:3      | Noticed Robin
  2709 | D:3      | Killed Robin
  2930 | D:3      | Found a faded altar of an unknown god.
  4071 | D:4      | Reached skill level 5 in Armour
  4130 | D:4      | Reached skill level 5 in Axes
  4235 | D:4      | Noticed Edmund
  4246 | D:4      | HP: 2/44 [Edmund (5)]
  4246 | D:4      | Slain by Edmund

Illustrated notes

Levels and vault maps discovered:
D:1:      scummos_arrival_forest, layout_rooms, lemuel_flame_loot_1
D:2:      layout_basic, uniq_natasha
D:3:      layout_loops_cross, shapermc_ecumenical_altar_gd, nrook_mini_vaults,
          uniq_robin
D:4:      layout_loops_corners, uniq_edmund, uniq_crazy_yiuf_cottage,
          uniq_menkaure

Skill      XL: |  1  2  3  4  5  6  7 |
---------------+----------------------+-----
Armour         | 4 5 |  5.0
Axes           | 2 3 4 5 |  5.0
Fighting       | 4 |  4.7
Shields        | 4 |  4.9
Dodging        | 1 |  1.4
Stealth        | |  0.4

Action                   |  1- 3 |  4- 6 |  7- 9 || total
-------------------------+-------+-------+-------++-------
Melee: War axe           |    55 |   122 |    98 ||   275
       Hand axe          |       |       |     9 ||     9
  Use: Scroll            |     1 |     1 |     5 ||     7
       Potion            |       |     1 |       ||     1
Armor: Scale mail        |    49 |    75 |    46 ||   170
Dodge: Dodged            |    28 |    58 |    31 ||   117
Block: Kite shield       |    56 |    84 |    52 ||   192

Table legend: (Time is in decaauts)
 A = Elapsed time spent in this place.
 B = Non-inter-level travel time spent in this place.
 C = Inter-level travel time spent in this place.
 D = Time resting spent in this place.
 E = Time spent auto-exploring this place.
 F = Levels seen in this place.
 G = Mean time per level.
                   A        B        C        D        E       F      G
               +--------+--------+--------+--------+--------+-----+--------+
         Total |   4401 |   4318 |     83 |   1091 |   2369 |   4 | 1100.2 |
       Dungeon |   4401 |   4318 |     83 |   1091 |   2369 |   4 | 1100.2 |
               +--------+--------+--------+--------+--------+-----+--------+

Top non-repeatable levels by time:
     D:3: 1475 daAuts
     D:2: 995 daAuts
     D:4: 968 daAuts
     D:1: 962 daAuts
